 Dungeon Crawl Stone Soup version 0.30-a0-757-ga6a79fd877 (webtiles) character file.

Game seed: 15991737614899495262

5747 scionoferis the Nimble (level 10, -4/81 HPs)
             Began as a Demigod Hexslinger on Feb 9, 2023.
             Slain by Gastronok (22 damage)
             ... on level 8 of the Dungeon.
             The game lasted 00:30:53 (10411 turns).

scionoferis the Nimble (Demigod Hexslinger)        Turns: 10411, Time: 00:30:54

Health: -4/81      AC: 14    Str: 11    XL:     10   Next: 25%
Magic:  14/14      EV: 17    Int: 15    God:
Gold:   125        SH:  0    Dex: 26    Spells: 10/11 levels left

rFire   + . .      SeeInvis .    d - +1 quarterstaff (speed)
rCold   . . .      Faith    .    (shield currently unavailable)
rNeg    . . .      Spirit   .    o - +4 ring mail {Will+}
rPois   +          Reflect  .    v - +2 helmet
rElec   .          Harm     .    M - +0 cloak
rCorr   .          Rampage  .    (no gloves)
Will    ++...                    h - +0 pair of boots
Stlth   +++                      (no amulet)
HPRegen 0.33/turn                F - ring of poison resistance
MPRegen 0.14/turn                C - ring of protection from fire

@: studying Fighting
A: high MP 1, forlorn, divine attributes
a: no special abilities


You were on level 8 of the Dungeon.
You visited 1 branch of the dungeon, and saw 8 of its levels.

You collected 350 gold pieces.
You spent 225 gold pieces at shops.


Innate Abilities, Weirdness & Mutations

You have an increased reservoir of magic. (+10% MP)
You shall have no god before yourself.
Your divine heritage dramatically boosts your attributes as you level up.


   Skills:
 - Level 5.0 Fighting
 * Level 8.9 Long Blades
 - Level 1.7 Ranged Weapons
 * Level 9.3 Dodging
 - Level 5.0 Stealth
 - Level 1.0 Spellcasting
 - Level 2.6 Hexes


You had 10 spell levels left.
You knew the following spells:

 Your Spells              Type           Power      Damage    Failure   Level
a - Slow                  Hex            32%        N/A       21%         1

Your spell library contained the following spells:

 Spells                   Type           Power      Damage    Failure   Level
 Ensorcelled Hibernation  Hex/Ice        8%         N/A       45%         2
 Tukima's Dance           Hex            8%         N/A       52%         3
 Inner Flame              Hex/Fire       4%         N/A       71%         3
 Portal Projectile        Hex/Tloc       8%         N/A       71%         3
 Summon Guardian Golem    Hex/Summ       4%         N/A       71%         3
 Spider Form              Tmut/Pois      0%         N/A       87%         3
 Cause Fear               Hex            4%         N/A       89%         4
 Anguish                  Hex/Necr       2%         N/A       98%         4
 Blade Hands              Tmut           0%         N/A       100%        5
 Orb of Destruction       Conj           0%         9d5       100%        7
 Spellforged Servitor     Conj/Summ      0%         N/A       100%        7

Inventory:

Hand Weapons
 a - a +2 dagger of venom
   (You took it off Dowan on level 7 of the Dungeon)
 b - a +1 sling
 d - a +1 quarterstaff of speed (weapon)
   (You found it on level 3 of the Dungeon)
 A - the +2 mace of Deformation {spect, rN+ Will+ Str+3 SInv}
   (You found it on level 3 of the Dungeon)

   Str:       It affects your strength (+3).
   rN:        It protects you from negative energy.
   SInv:      It lets you see invisible.
   Will:      It increases your willpower.
Missiles
 e - 26 poisoned darts
 f - a throwing net (quivered)
Armour
 h - a +0 pair of boots (worn)
   (You found it on level 1 of the Dungeon)
 j - a +1 ring mail of fire resistance
   (You took it off an orc on level 7 of the Dungeon)
 o - a +4 ring mail of willpower (worn)
   (You took it off Duvessa on level 7 of the Dungeon)
 v - a +2 helmet (worn)
   (You found it on level 6 of the Dungeon)
 E - a +0 buckler
   (You found it on level 4 of the Dungeon)
 M - a +0 cloak (worn)
   (You took it off Crazy Yiuf on level 5 of the Dungeon)
 Q - +2 acid dragon scales
   (You took it off Maggie on level 8 of the Dungeon)
Jewellery
 t - a ring of flight
   (You found it on level 3 of the Dungeon)
 C - a ring of protection from fire (right hand)
   (You found it on level 4 of the Dungeon)
 F - a ring of poison resistance (left hand)
   (You found it on level 4 of the Dungeon)
Wands
 r - a wand of digging (7)
   (You found it on level 2 of the Dungeon)
 L - a wand of polymorph (5)
   (You took it off Grinder on level 5 of the Dungeon)
Scrolls
 g - 6 scrolls of teleportation
 k - 2 scrolls of butterflies
 l - 4 scrolls of poison
 m - 2 scrolls of enchant armour {unknown}
 s - 2 scrolls of magic mapping
 w - a scroll of amnesia
 x - 2 scrolls of fog {unknown}
 y - a scroll of vulnerability
 z - a scroll of noise
 B - a scroll of blinking {unknown}
 I - 2 scrolls of fear
 J - a scroll of immolation
 K - 2 scrolls of enchant weapon {unknown}
 P - a scroll of brand weapon {unknown}
Potions
 i - 2 potions of mutation {unknown}
 n - 3 potions of flight {unknown}
 p - 2 potions of brilliance {unknown}
 q - 5 potions of curing
 u - a potion of berserk rage {unknown}
 D - a potion of might {unknown}
 G - a potion of attraction {unknown}
 H - a potion of cancellation {unknown}
 N - a potion of ambrosia {unknown}
 O - 2 potions of degeneration {unknown}

Dungeon Overview and Level Annotations

Branches:
Dungeon (8/15)             Temple (0/1) D:5
   Lair: D:8-11

Shops:
D:1 ?   D:5 :

Annotations:
D:3 dig/smite for XP
D:5 dig for gold
D:8 Gastronok

......#..#............#.....##...
......####............#.....'....
...........##+####....#.†)..#....
####'#.....#.....#....###+#######
..#..#.....#.....+...............
..#..#.....#.....#...............
..#..#.....#.....#...............
'###.#.....#######...............
.###.####+##...b@Y.....#+########
...#....#..#.(.w.r.....'
...#....#..#...........#
..)#....#..#...........#
####..######.....(.....#
.###..#.......#+########
.#.w..#.......# .'....'w......+
.##..##.......#


You could see Gastronok (swift, very poisoned), an ice beast, a quokka
(summoned) and a bat (summoned).


Message History

A gnoll comes into view.
It is wielding a +2 flail of holy wrath.
Unknown command.
Your +2 dagger of venom begins to drip with poison!
a - a +2 dagger of venom (weapon)
The gnoll hits you from afar with a +0 spear.
The gnoll barely misses you.
You barely miss the gnoll. The gnoll hits you but does no damage.
The gnoll bouda barks out a call to the hunt!
The gnolls pick up the pace!
You hit the gnoll.
The gnoll is poisoned.
The gnoll is lightly wounded.
The gnoll closely misses you.
You hit the gnoll.
The gnoll looks as sick as possible!
The gnoll is heavily wounded.
A gnoll comes into view. It is wielding a +2 vampiric spear.
You completely miss the gnoll.
The gnoll is heavily wounded.
The gnoll hits you but does no damage.
The gnoll shouts!
You hit the gnoll.
The gnoll looks as sick as possible!
The gnoll is severely wounded.
You kill the gnoll!
You barely miss the gnoll bouda. The gnoll bouda barely misses you.
You hit the gnoll bouda but do no damage.
You hit the gnoll bouda but do no damage.
The gnoll bouda is poisoned.
The gnoll bouda closely misses you.
You hit the gnoll bouda.
The gnoll bouda looks as sick as possible!
The gnoll bouda is lightly wounded.
The gnoll bouda hits you but does no damage.
You completely miss the gnoll bouda.
The gnoll bouda is lightly wounded.
The gnoll bouda closely misses you.
You hit the gnoll bouda but do no damage.
The gnoll bouda looks as sick as possible!
The gnoll bouda is moderately wounded.
You hit the gnoll bouda.
You punch the gnoll bouda, but do no damage.
The gnoll bouda is heavily wounded.
The gnoll bouda completely misses you.
You hit the gnoll bouda.
The gnoll bouda looks as sick as possible!
The gnoll bouda is heavily wounded.
The gnoll bouda hits you but does no damage.
You closely miss the gnoll bouda.
The gnoll bouda is severely wounded.
The gnoll bouda closely misses you.
You hit the gnoll bouda but do no damage.
The gnoll bouda looks as sick as possible!
The gnoll bouda is severely wounded.
You hit the gnoll bouda.
The gnoll bouda looks as sick as possible!
The gnoll bouda is severely wounded.
The gnoll bouda gazes fiercely through you!
You feel your attacks grow feeble. The gnoll bouda closely misses you.
You closely miss the gnoll bouda.
The gnoll bouda is almost dead.
The gnoll is no longer moving quickly.
The gnoll bouda misses you.
You hit the gnoll bouda but do no damage.
The gnoll bouda looks as sick as possible!
The gnoll bouda is almost dead.
The gnoll bouda barks out a call to the hunt!
The gnoll picks up the pace!
You hit the gnoll bouda but do no damage.
The gnoll bouda is almost dead.
The gnoll bouda hits you but does no damage.
You hit the gnoll bouda.
You kill the gnoll bouda!
The gnoll is no longer moving quickly.
Your Long Blades skill increases to level 8!
You hit the gnoll but do no damage.
The gnoll is poisoned.
The gnoll is lightly wounded.
The gnoll barely misses you.
You closely miss the gnoll.
The gnoll is moderately wounded.
Your attacks no longer feel as feeble.
The gnoll is no longer moving quickly.
You barely miss the gnoll.
The gnoll is moderately wounded.
The gnoll hits you but does no damage.
You hit the gnoll but do no damage.
The gnoll looks even sicker.
You punch the gnoll, but do no damage.
The gnoll is moderately wounded.
The gnoll hits you but does no damage.
You hit the gnoll.
The gnoll is severely wounded.
The gnoll hits you but does no damage.
You hit the gnoll but do no damage.
The gnoll looks as sick as possible!
The gnoll is almost dead.
You kill the gnoll!
You closely miss the gnoll. You hit the gnoll but do no damage.
The gnoll is poisoned.
The gnoll barely misses you.
You hit the gnoll.
The gnoll is moderately wounded.
The gnoll completely misses you. The gnoll barely misses you.
You hit the gnoll but do no damage.
The gnoll looks as sick as possible!
The gnoll is heavily wounded.
The gnoll closely misses you.
You barely miss the gnoll.
The gnoll is severely wounded.
The gnoll hits you with a +2 flail of holy wrath.
You hit the gnoll.
The gnoll looks as sick as possible!
The gnoll is almost dead.
You kill the gnoll!
The gnoll misses you.
The gnoll hits you with a +2 vampiric spear.
Items here: )))) [ ††.
You hit the gnoll.
The gnoll is heavily wounded.
The gnoll hits you with a +2 vampiric spear.
The gnoll draws strength from your wounds!
You hit the gnoll.
The gnoll is almost dead.
The gnoll closely misses you.
You hit the gnoll.
You kill the gnoll!
Things that are here:
a +2 vampiric spear; a gnoll corpse
Items here: )))) [ ††.
Okay, then.
Your +2 dagger of venom stops dripping with poison.
b - a +1 sling (weapon)
Things that are here:
a +2 vampiric spear; a gnoll corpse A bullfrog comes into view.
You shoot a sling bullet. The bullfrog gives a loud, deep croak!
The sling bullet hits the bullfrog.
The bullfrog is lightly wounded.
Your +2 dagger of venom begins to drip with poison!
a - a +2 dagger of venom (weapon)
You closely miss the bullfrog.
The bullfrog is lightly wounded.
The bullfrog hits you but does no damage.
You hit the bullfrog.
The bullfrog is poisoned.
The bullfrog is lightly wounded.
The bullfrog barely misses you.
You hit the bullfrog.
The bullfrog looks as sick as possible!
The bullfrog is heavily wounded.
The bullfrog hits you but does no damage.
You hit the bullfrog.
The bullfrog looks as sick as possible!
The bullfrog is severely wounded.
The bullfrog misses you. x2
You hit the bullfrog.
The bullfrog looks as sick as possible!
The bullfrog is almost dead.
You kill the bullfrog!
No target in view!
Your +2 dagger of venom stops dripping with poison.
b - a +1 sling (weapon)
A water moccasin comes into view.
You shoot a sling bullet. The water moccasin hisses angrily.
The sling bullet hits the water moccasin.
The water moccasin is lightly wounded.
You shoot a sling bullet.
The sling bullet hits the water moccasin.
The water moccasin is moderately wounded.
Your hands tingle!
d - a +1 quarterstaff of speed (weapon)
The water moccasin completely misses you.
You hit the water moccasin but do no damage.
The water moccasin is moderately wounded.
The water moccasin closely misses you.
You barely miss the water moccasin.
The water moccasin is moderately wounded.
The water moccasin barely misses you.
You closely miss the water moccasin.
The water moccasin is moderately wounded.
The water moccasin bites you but does no damage.
You hit the water moccasin.
The water moccasin is heavily wounded.
The water moccasin bites you.
You are poisoned.
The water moccasin poisons you!
You miss the water moccasin.
The water moccasin is heavily wounded.
You feel very sick.
The water moccasin bites you but does no damage.
You hit the water moccasin.
The water moccasin is heavily wounded.
You feel sick. The water moccasin barely misses you.
You closely miss the water moccasin.
The water moccasin is heavily wounded.
You feel sick.
The water moccasin bites you but does no damage.
The water moccasin completely misses you.
You closely miss the water moccasin.
The water moccasin is heavily wounded.
You feel sick. The water moccasin bites you.
You closely miss the water moccasin.
The water moccasin is heavily wounded.
You feel sick. The water moccasin misses you.
You closely miss the water moccasin.
The water moccasin is heavily wounded.
You feel sick.
The water moccasin bites you but does no damage.
You sock the water moccasin!
The water moccasin is almost dead.
You feel sick. The water moccasin misses you.
You hit the water moccasin.
You kill the water moccasin!
You feel sick.
No target in view!
You start resting.
You feel sick. x3
You are no longer poisoned.
You start resting.
HP restored.
Your +2 dagger of venom begins to drip with poison!
a - a +2 dagger of venom (weapon)
You see here a water moccasin corpse.
x - 2 scrolls labelled TIESA GOMI (gained 1)
An orc comes into view. It is wielding a +0 hand axe.
Your +2 dagger of venom stops dripping with poison.
b - a +1 sling (weapon)
You shoot a sling bullet. The sling bullet hits the orc!
You kill the orc!
A steam dragon and an orc warrior come into view.
You see here a water moccasin corpse.
Things that are here:
a +2 vampiric spear; a gnoll skeleton
Items here: )))) [ ÷÷.
There is an escape hatch in the floor here.
Items here: )))) [ ÷÷÷.
Items here: ( ))))) [[.
Things that are here:
a +0 robe; a +0 dagger
Items here: ))) [.
Your hands tingle!
d - a +1 quarterstaff of speed (weapon)
Your +2 dagger of venom begins to drip with poison!
a - a +2 dagger of venom (weapon)
The sky beast misses you.
You hit the sky beast.
The sky beast is poisoned.
You punch the sky beast, but do no damage.
The sky beast is lightly wounded.
The sky beast closely misses you.
You completely miss the sky beast.
The sky beast is lightly wounded.
The steam dragon hisses angrily.
The sky beast completely misses you.
You closely miss the sky beast.
The sky beast is moderately wounded.
The sky beast misses you.
You hit the sky beast but do no damage.
The sky beast looks as sick as possible!
The sky beast is moderately wounded.
You hit the sky beast.
The sky beast looks as sick as possible!
The sky beast is moderately wounded.
The sky beast hits you but does no damage.
You hit the sky beast.
The sky beast looks as sick as possible!
The sky beast is severely wounded.
The sky beast barely misses you.
You hit the sky beast.
The sky beast looks as sick as possible!
The sky beast is almost dead.
The sky beast flickers out of sight!
Deactivating autopickup; reactivate with Ctrl-A.
Something hits you. Something shocks you.
You hit something.
Reactivating autopickup.
You feel a bit more experienced.
The steam dragon bites you but does no damage.
The steam dragon claws you but does no damage.
You see here a sky beast corpse.
You barely miss the steam dragon. The steam dragon breathes steam at you.
The ball of steam hits you. You resist.
You hit the steam dragon but do no damage.
The steam dragon is poisoned.
The steam dragon bites you but does no damage.
The steam dragon completely misses you.
You hit the steam dragon but do no damage.
The steam dragon looks even sicker.
The steam dragon is lightly wounded.
The steam dragon misses you. The steam dragon barely misses you.
You hit the steam dragon.
The steam dragon looks as sick as possible!
The steam dragon is lightly wounded.
You closely miss the steam dragon.
The steam dragon is lightly wounded.
The steam dragon bites you but does no damage.
The steam dragon closely misses you.
You hit the steam dragon but do no damage.
The steam dragon looks as sick as possible!
The steam dragon is lightly wounded.
The steam dragon bites you. The steam dragon barely misses you.
You hit the steam dragon.
You punch the steam dragon, but do no damage.
The steam dragon is moderately wounded.
You completely miss the steam dragon.
You punch the steam dragon, but do no damage.
The steam dragon is moderately wounded.
The steam dragon breathes steam at you. The ball of steam hits you! You resist.
You closely miss the steam dragon.
You punch the steam dragon, but do no damage.
The steam dragon is heavily wounded.
The steam dragon completely misses you. The steam dragon barely misses you.
You hit the steam dragon.
The steam dragon looks as sick as possible!
The steam dragon is severely wounded.
The steam dragon breathes steam at you. The ball of steam hits you! You resist.
You hit the steam dragon.
The steam dragon looks as sick as possible!
The steam dragon is severely wounded.
You closely miss the steam dragon.
The steam dragon is severely wounded.
The steam dragon closely misses you. The steam dragon barely misses you.
You hit the steam dragon but do no damage.
The steam dragon is almost dead.
The steam dragon barely misses you. x2
You hit the steam dragon but do no damage.
The steam dragon is almost dead.
The steam dragon completely misses you. The steam dragon closely misses you.
You hit the steam dragon but do no damage.
The steam dragon looks as sick as possible!
The steam dragon is almost dead.
You hit the steam dragon.
You kill the steam dragon!
You see here a steam dragon corpse.
You start resting.
HP restored.
An orc comes into view. It is wielding a +0 dagger.
An orc comes into view. It is wielding a +0 flail.
The orc shouts! x2
Your +2 dagger of venom stops dripping with poison.
b - a +1 sling (weapon)
You shoot a sling bullet. The sling bullet hits the orc.
The orc is lightly wounded.
You shoot a sling bullet. The sling bullet hits the orc.
The orc is heavily wounded.
Your +2 dagger of venom begins to drip with poison!
a - a +2 dagger of venom (weapon)
You hit the orc.
You kill the orc!
You hit the orc.
The orc is poisoned.
The orc is moderately wounded.
The orc misses you.
You hit the orc.
The orc looks as sick as possible!
The orc is almost dead.
You hit the orc.
You kill the orc!
You hit the orc warrior.
The orc warrior is poisoned.
The orc warrior is lightly wounded.
The orc warrior hits you but does no damage.
You hit the orc warrior.
The orc warrior looks as sick as possible!
The orc warrior is lightly wounded.
The orc warrior hits you with a +0 war axe!
You barely miss the orc warrior.
The orc warrior is lightly wounded.
You hit the orc warrior but do no damage.
The orc warrior looks as sick as possible!
The orc warrior is lightly wounded.
The orc warrior closely misses you.
You hit the orc warrior.
The orc warrior looks as sick as possible!
The orc warrior is moderately wounded.
The orc warrior closely misses you.
You barely miss the orc warrior.
The orc warrior is moderately wounded.
The orc warrior hits you with a +0 war axe.
You hit the orc warrior but do no damage.
The orc warrior is moderately wounded.
The orc warrior hits you with a +0 war axe.
You hit the orc warrior but do no damage.
The orc warrior looks as sick as possible!
The orc warrior is moderately wounded.
You hit the orc warrior but do no damage.
The orc warrior looks as sick as possible!
The orc warrior is moderately wounded.
The orc warrior hits you but does no damage.
You barely miss the orc warrior.
The orc warrior is moderately wounded.
The orc warrior misses you.
You hit the orc warrior but do no damage.
The orc warrior looks as sick as possible!
The orc warrior is heavily wounded.
The orc warrior closely misses you.
You hit the orc warrior.
The orc warrior looks as sick as possible!
The orc warrior is severely wounded.
You hit the orc warrior but do no damage.
The orc warrior looks as sick as possible!
The orc warrior is severely wounded.
The orc warrior hits you but does no damage.
You hit the orc warrior but do no damage.
The orc warrior looks as sick as possible!
The orc warrior is almost dead.
The orc warrior barely misses you.
You hit the orc warrior but do no damage.
The orc warrior looks as sick as possible!
The orc warrior is almost dead.
You hit the orc warrior but do no damage.
The orc warrior looks as sick as possible!
The orc warrior is almost dead.
The orc warrior hits you but does no damage.
You hit the orc warrior.
The orc warrior is almost dead.
You kill the orc warrior!
You have reached level 10!
Items here: ))) [ †.
Your +2 dagger of venom stops dripping with poison.
b - a +1 sling (weapon)
Things that are here:
a +0 hand axe; a +0 ring mail
Items here: ( )))))).
You see here a +0 short sword.
You see here 3 datura-tipped darts.
You open the door.
Found three altars.
There is an open door here.
You now have 118 gold pieces (gained 4).
There is an open door here.
Done exploring.
Done exploring.
Search for what [Enter for "long blade", or ? for help]? long Unknown command.
You see here a steam dragon skeleton.
There is a stone staircase leading down here.
Unknown command.
As you read the scroll of identify, it crumbles to dust.
y - a scroll of vulnerability Your +2 dagger of venom begins to drip with poison!
a - a +2 dagger of venom (weapon)
Search for what [Enter for "long", or ? for help]? throw Unknown command.
You climb downwards.
There is a stone staircase leading up here.
Your +2 dagger of venom stops dripping with poison.
b - a +1 sling (weapon)
You open the door.
There is an open door here.
Found 4 stones.
Found a club.
You see here a +0 club.
You open the door.
Found a stone staircase leading down.
You open the door.
There is an open door here.
Found a stone staircase leading up.
P - a scroll labelled XOYPET XAUDAPH You open the door.
There is an open door here.
A two-headed ogre comes into view. It is wielding two +0 giant clubs.
Unknown command.
There is an open door here.
Your +2 dagger of venom begins to drip with poison!
a - a +2 dagger of venom (weapon)
You open the door.
There is an open door here.
There is an open door here.
There is an open door here.
You open the door.
There is an open door here.
You open the door.
There is an open door here.
You open the door. 2 orc wizards and 2 orcs come into view.
The orc wizard shouts!
The orc shouts!
You hear a shout!
An orc comes into view. It is wielding a +0 whip.
The orc moves out of view.
The orc shouts!
Your +2 dagger of venom stops dripping with poison.
b - a +1 sling (weapon)
You shoot a sling bullet.
The sling bullet closely misses the orc wizard.
You shoot a sling bullet. The sling bullet hits the orc!
You kill the orc!
You shoot a sling bullet. The sling bullet hits the orc wizard.
The orc wizard is moderately wounded.
Your +2 dagger of venom begins to drip with poison!
a - a +2 dagger of venom (weapon)
The orc wizard points at you and mumbles some strange words.
The puff of flame misses you.
You hit the orc wizard.
The orc wizard is poisoned.
The orc wizard is heavily wounded.
You hit the orc wizard but do no damage.
The orc wizard is almost dead.
The orc wizard barely misses you. The orc hits you but does no damage.
You hit the orc wizard.
You kill the orc wizard!
You hit the orc.
The orc is poisoned.
The orc is heavily wounded.
Found a scale mail.
Found a stone staircase leading down.
The orc wizard closely misses you. The orc hits you but does no damage.
The orc closely misses you.
There is an open door here.
You hit the orc but do no damage.
The orc looks as sick as possible!
The orc is heavily wounded.
You kill the orc!
The orc wizard hits you but does no damage.
The orc barely misses you.
You hit the orc wizard.
The orc wizard is lightly wounded.
You hit the orc wizard.
The orc wizard is poisoned.
You punch the orc wizard.
The orc wizard is heavily wounded.
The orc wizard hits you but does no damage.
The orc hits you but does no damage.
You hit the orc wizard.
The orc wizard looks as sick as possible!
The orc wizard is severely wounded.
You kill the orc wizard!
The orc hits you but does no damage. The orc hits you but does no damage.
Things that are here:
a +0 dagger; a +0 robe You hit the orc.
The orc is lightly wounded.
The orc closely misses you.
You hit the orc.
The orc is poisoned.
The orc is heavily wounded.
You hit the orc.
The orc is severely wounded.
You kill the orc!
You see here a +0 mace.
There is an open door here.
Items here: )) [ ††.
There is an open door here.
You see here a +0 mace.
Things that are here:
a +0 whip; a +0 leather armour
Things that are here:
a +0 dagger; a +0 robe A kobold brigand comes into view.
It is wielding a +0 dagger and quivering poisoned darts.
You open the door.
There is an open door here.
There is a stone staircase leading up here.
There is a stone staircase leading up here.
You open the door.
There is an open door here.
You open the door.
There is an open door here.
There is a stone staircase leading up here.
Throw: 11 darts (poison)
Press: ? - help, Q - select action, (/) - cycle Shift-Dir - straight line, f - two-headed ogre
Aim: a two-headed ogre, wielding two +0 giant clubs (asleep, 98% to hit)
You throw a poisoned dart.
The poisoned dart hits the two-headed ogre.
The two-headed ogre is poisoned.
The two-headed ogre shouts in stereo!
Throw: 10 darts (poison)
Press: ? - help, Q - select action, (/) - cycle Shift-Dir - straight line, f/p - two-headed ogre
Aim: a two-headed ogre, wielding two +0 giant clubs (poisoned, 79% to hit)
You throw a poisoned dart.
The poisoned dart hits the two-headed ogre.
The two-headed ogre looks even sicker.
A kobold comes into view. It is wielding a +0 whip.
There is a stone staircase leading up here.
Throw: 9 darts (poison)
Press: ? - help, Q - select action, (/) - cycle Shift-Dir - straight line, f/p - two-headed ogre
Aim: a two-headed ogre, wielding two +0 giant clubs (lightly wounded, very poisoned, 79% to hit)
You throw a poisoned dart.
The poisoned dart hits the two-headed ogre.
The two-headed ogre looks even sicker.
The two-headed ogre is lightly wounded.
There is an open door here.
Throw: 8 darts (poison)
Press: ? - help, Q - select action, (/) - cycle Shift-Dir - straight line, f/p - two-headed ogre
Aim: a two-headed ogre, wielding two +0 giant clubs (lightly wounded, very poisoned, 79% to hit)
You throw a poisoned dart.
The poisoned dart hits the two-headed ogre.
The two-headed ogre is lightly wounded.
Throw: 7 darts (poison)
Press: ? - help, Q - select action, (/) - cycle Shift-Dir - straight line, f/p - two-headed ogre
Aim: a two-headed ogre, wielding two +0 giant clubs (lightly wounded, very poisoned, 79% to hit)
You throw a poisoned dart.
The poisoned dart barely misses the two-headed ogre.
There is an open door here.
You barely miss the two-headed ogre.
The two-headed ogre is moderately wounded.
The two-headed ogre completely misses you.
The two-headed ogre closely misses you.
You hit the two-headed ogre.
The two-headed ogre looks even sicker.
The two-headed ogre is moderately wounded.
You hit the two-headed ogre but do no damage.
The two-headed ogre looks as sick as possible!
The two-headed ogre is moderately wounded.
The two-headed ogre hits you but does no damage.
The two-headed ogre barely misses you.
You hit the two-headed ogre.
The two-headed ogre looks as sick as possible!
The two-headed ogre is moderately wounded.
You hit the two-headed ogre.
The two-headed ogre looks as sick as possible!
The two-headed ogre is moderately wounded.
The two-headed ogre hits you with a +0 giant club.
The two-headed ogre misses you.
You hit the two-headed ogre.
The two-headed ogre looks as sick as possible!
The two-headed ogre is heavily wounded.
You hit the two-headed ogre.
The two-headed ogre looks as sick as possible!
The two-headed ogre is heavily wounded.
The two-headed ogre completely misses you.
The two-headed ogre misses you.
You hit the two-headed ogre.
The two-headed ogre is severely wounded.
You hit the two-headed ogre.
The two-headed ogre looks as sick as possible!
The two-headed ogre is severely wounded.
The two-headed ogre hits you with a +0 giant club!
The two-headed ogre misses you.
You barely miss the two-headed ogre.
The two-headed ogre is severely wounded.
You hit the two-headed ogre.
The two-headed ogre looks as sick as possible!
The two-headed ogre is severely wounded.
The two-headed ogre hits you with a +0 giant club!!
The two-headed ogre hits you with a +0 giant club!
You kill the two-headed ogre!
Your Dodging skill increases to level 9!
Your +2 dagger of venom stops dripping with poison.
b - a +1 sling (weapon)
A kobold brigand is nearby!
Your +2 dagger of venom begins to drip with poison!
a - a +2 dagger of venom (weapon)
A kobold comes into view. It is wielding a +2 dagger of venom.
Things that are here:
a +0 giant club; a +0 giant club The kobold shouts!
The kobold brigand shouts!
The kobold brigand hits you but does no damage.
You hit the kobold brigand but do no damage.
You punch the kobold brigand.
The kobold brigand is lightly wounded.
The kobold brigand barely misses you.
You completely miss the kobold brigand.
The kobold brigand is lightly wounded.
The kobold brigand barely misses you. The kobold completely misses you.
You hit the kobold brigand.
The kobold brigand is poisoned.
The kobold brigand is lightly wounded.
The kobold brigand misses you. The kobold barely misses you.
You hit the kobold brigand.
The kobold brigand looks as sick as possible!
The kobold brigand is moderately wounded.
You hit the kobold brigand.
The kobold brigand looks as sick as possible!
The kobold brigand is heavily wounded.
The kobold brigand hits you with a +0 dagger.
The kobold hits you but does no damage.
You hit the kobold brigand.
The kobold brigand is severely wounded.
A kobold comes into view. It is wielding a +0 short sword.
The kobold brigand barely misses you. The kobold closely misses you.
The kobold shouts!
You hit the kobold brigand.
The kobold brigand looks as sick as possible!
The kobold brigand is severely wounded.
The kobold brigand hits you but does no damage.
The kobold closely misses you.
You hit the kobold brigand but do no damage.
The kobold brigand looks as sick as possible!
The kobold brigand is almost dead.
You closely miss the kobold. The kobold brigand misses you.
The kobold completely misses you.
You hit the kobold.
The kobold is poisoned.
The kobold is heavily wounded.
The kobold brigand closely misses you. The kobold misses you.
You barely miss the kobold.
The kobold is heavily wounded.
The kobold brigand completely misses you.
The kobold hits you but does no damage.
You barely miss the kobold.
The kobold is heavily wounded.
You hit the kobold.
The kobold is poisoned.
The kobold is severely wounded.
You kill the kobold brigand!
You kill the kobold!
The kobold misses you.
You kill the kobold!
e - 14 poisoned darts (gained 8)
Things that are here:
a +0 dagger; a kobold corpse
Things that are here:
a +0 short sword; a kobold corpse
Things that are here:
a +0 dagger; a kobold corpse You see here a +2 dagger of venom.
The kobold shouts!
The kobold barely misses you.
You hit the kobold.
You kill the kobold!
You see here a +0 whip.
You start resting.
HP restored.
Your +2 dagger of venom stops dripping with poison.
b - a +1 sling (weapon)
e - 16 poisoned darts (gained 2)
e - 17 poisoned darts (gained 1)
e - 18 poisoned darts (gained 1)
Found a stone staircase leading down.
You now have 125 gold pieces (gained 7).
You open the door.
There is an open door here. 2 kobolds come into view.
You shoot a sling bullet.
The sling bullet hits the kobold but does no damage.
The kobold shouts!
A kobold brigand comes into view.
It is wielding a +0 club and quivering poisoned darts.
There is an open door here.
Your +2 dagger of venom begins to drip with poison!
a - a +2 dagger of venom (weapon)
You start waiting.
A kobold is nearby!
The kobold barely misses you.
You barely miss the kobold. The kobold hits you but does no damage.
You hit the kobold but do no damage.
The kobold is poisoned.
The kobold barely misses you.
You hit the kobold.
The kobold looks as sick as possible!
The kobold is severely wounded.
You hit the kobold but do no damage.
The kobold looks as sick as possible!
The kobold is severely wounded.
You kill the kobold!
There is an open door, spattered with blood here.
Things that are here:
a +0 whip; 4 stones; a kobold corpse Unknown command.
Your +2 dagger of venom stops dripping with poison.
b - a +1 sling (weapon)
A kobold is nearby!
You shoot a sling bullet. The kobold shouts!
The sling bullet hits the kobold!
You kill the kobold!
No target in view!
A kobold brigand is nearby!
You shoot a sling bullet.
The sling bullet hits the kobold brigand but does no damage.
The kobold brigand throws a poisoned dart.
The poisoned dart misses you.
Your +2 dagger of venom begins to drip with poison!
a - a +2 dagger of venom (weapon)
You hit the kobold brigand.
The kobold brigand is poisoned.
The kobold brigand is lightly wounded.
The kobold brigand closely misses you.
You barely miss the kobold brigand.
The kobold brigand is lightly wounded.
You closely miss the kobold brigand.
The kobold brigand is lightly wounded.
The kobold brigand misses you.
You completely miss the kobold brigand.
The kobold brigand is lightly wounded.
The kobold brigand barely misses you.
You hit the kobold brigand.
The kobold brigand looks as sick as possible!
The kobold brigand is moderately wounded.
The kobold brigand closely misses you.
You hit the kobold brigand but do no damage.
The kobold brigand looks as sick as possible!
The kobold brigand is moderately wounded.
You hit the kobold brigand.
The kobold brigand is moderately wounded.
The kobold brigand closely misses you.
You closely miss the kobold brigand.
The kobold brigand is moderately wounded.
The kobold brigand hits you but does no damage.
You hit the kobold brigand.
The kobold brigand looks as sick as possible!
The kobold brigand is heavily wounded.
You hit the kobold brigand.
The kobold brigand looks as sick as possible!
The kobold brigand is heavily wounded.
The kobold brigand hits you but does no damage.
You hit the kobold brigand.
The kobold brigand looks as sick as possible!
The kobold brigand is severely wounded.
The kobold brigand barely misses you.
You hit the kobold brigand.
The kobold brigand looks as sick as possible!
The kobold brigand is almost dead.
The kobold brigand hits you but does no damage.
You hit the kobold brigand.
The kobold brigand looks as sick as possible!
The kobold brigand is almost dead.
You hit the kobold brigand but do no damage.
The kobold brigand is almost dead.
The kobold brigand hits you but does no damage.
You hit the kobold brigand but do no damage.
The kobold brigand is almost dead.
You kill the kobold brigand!
e - 26 poisoned darts (gained 8)
You see here a +0 club.
Your +2 dagger of venom stops dripping with poison.
b - a +1 sling (weapon)
You open the door.
There is an open door here.
You open the door.
Maggie the Vainglorious comes into view.
She is wielding a +0 scimitar of distortion.
Maggie shouts!
You hear a horrible gurgling sound!
Maggie moves out of view.
Your +2 dagger of venom begins to drip with poison!
a - a +2 dagger of venom (weapon)
Casting: Slow (safe; 21% risk of failure)
Confirm with . or Enter, or press ? or * to list all spells.
Aiming: Slow (safe; 21% risk of failure)
Press: ? - help, Shift-Dir - straight line, f - Maggie
Aim: Maggie, wielding a +0 scimitar of distortion and wearing +2 acid dragon scales (chance to affect: 41%) Maggie resists with some effort.
Throw: throwing net
Press: ? - help, Q - select action, (/) - cycle Shift-Dir - straight line, f/p - Maggie
Aim: Maggie, wielding a +0 scimitar of distortion and wearing +2 acid dragon scales (67% to hit)
You throw a throwing net. The throwing net hits Maggie.
Maggie is caught in the net!
Maggie casts a spell.
Maggie attempts to bespell you! You resist with almost no effort.
Maggie struggles against the net.
You strike the helpless Maggie from behind!
You impale Maggie!!
Maggie looks as sick as possible!
Maggie is heavily wounded.
You catch the helpless Maggie completely off-guard!
You impale Maggie!!
Maggie looks as sick as possible!
Maggie is severely wounded.
You strike the helpless Maggie from behind!
You impale Maggie!!
You kill Maggie!
An ice beast comes into view.
Gastronok the Ponderous comes into view.
There is an open door, spattered with blood here.
Items here: ( ) [ †.
f - a throwing net; Q - +2 acid dragon scales You close the door, pushing everything out of the way.
You see here the human corpse of Maggie.
You see here a +0 scimitar of distortion.
There is an open door here.
Things that are here:
a +0 club; a stone; a kobold corpse You see here a +0 club.
There is an open door, spattered with blood here.
Things that are here:
a +0 whip; 4 stones; a kobold corpse
There is a stone staircase leading down here.
There is a stone staircase leading up here.
You climb upwards.
There is a stone staircase leading down here.
Unknown command.
You drop a +0 robe.
You start removing your armour.
You continue taking off your +4 ring mail of willpower. x4
You finish taking off your +4 ring mail of willpower.
You feel less strong-willed.
You start putting on your armour.
You continue putting on your +2 acid dragon scales. x5
You finish putting on your +2 acid dragon scales.
You start removing your armour.
You continue taking off your +2 acid dragon scales. x4
You finish taking off your +2 acid dragon scales.
You start putting on your armour.
You continue putting on your +4 ring mail of willpower. x5
You finish putting on your +4 ring mail of willpower.
You feel strong-willed.
There is a stone staircase leading down here.
Your +2 dagger of venom stops dripping with poison.
b - a +1 sling (weapon)
You climb downwards.
Level annotation: Gastronok
There is a stone staircase leading up here.
Your +2 dagger of venom begins to drip with poison!
a - a +2 dagger of venom (weapon)
There is an open door here.
There is an open door here.
There is an open door here.
You open the door.
There is an open door here.
You open the door.
There is an open door here.
There is an open door here.
You open the door.
There is an open door here.
You open the door.
There is an open door here.
You open the door.
Found a trident and a short sword.
There is an open door here.
You see here a +0 trident.
You open the door.
There is an open door here.
Found a stone staircase leading up.
There is a stone staircase leading up here.
You open the door.
There is an open door here.
You open the door.
There is an open door here.
Found 4 stones.
You open the door.
Gastronok is nearby!
There is an open door here.
You open the door.
There is an open door here.
You open the door.
There is an open door here.
There is an open door here.
There is an open door here.
You close the door.
You close the door.
There is an open door here.
You hit Gastronok.
Gastronok is poisoned.
Gastronok is lightly wounded.
Gastronok casts a spell at you. You resist with some effort.
You hit Gastronok but do no damage.
Gastronok looks as sick as possible!
Gastronok is lightly wounded.
You hit Gastronok but do no damage.
Gastronok looks as sick as possible!
Gastronok is lightly wounded.
Gastronok looks at you and mumbles some strange words.
You resist with some effort.
You hit Gastronok.
Gastronok looks as sick as possible!
Gastronok is lightly wounded.
You hit Gastronok.
Gastronok is lightly wounded.
You hit Gastronok.
Gastronok looks as sick as possible!
Gastronok is lightly wounded.
Gastronok waves his eye-stalks in wide circles.
The air twists around and strikes you!
Throw: throwing net
Press: ? - help, Q - select action, (/) - cycle Shift-Dir - straight line, f - Gastronok
Aim: Gastronok, wearing a +2 hat (lightly wounded, extremely poisoned, 94% to hit, immune to nets)
Okay, then.
Unknown command.
Gastronok casts a spell.
Gastronok puts on a burst of speed!
There is an open door here.
Found 5 stones.
Gastronok looks at you while chanting. You resist with some effort.
You hit the ice beast.
The ice beast is lightly wounded.
Your +2 dagger of venom stops dripping with poison.
Your hands tingle!
d - a +1 quarterstaff of speed (weapon)
The ice beast barely misses you.
You barely miss the ice beast.
The ice beast is lightly wounded.
The ice beast misses you.
You closely miss the ice beast.
The ice beast is lightly wounded.
You barely miss the ice beast.
The ice beast is lightly wounded.
The ice beast misses you.
You barely miss the ice beast.
The ice beast is lightly wounded.
The ice beast hits you but does no damage.
You sock the ice beast!
The ice beast is heavily wounded.
The ice beast barely misses you.
You hit the ice beast.
The ice beast is heavily wounded.
The ice beast hits you but does no damage.
You barely miss the ice beast.
The ice beast is heavily wounded.
The ice beast closely misses you.
You barely miss the ice beast.
The ice beast is heavily wounded.
The ice beast barely misses you.
You hit the ice beast.
The ice beast is severely wounded.
You barely miss the ice beast.
The ice beast is severely wounded.
The ice beast closely misses you.
You hit the ice beast but do no damage.
The ice beast is severely wounded.
The ice beast hits you. The ice beast freezes you!
You closely miss the ice beast.
The ice beast is severely wounded.
The ice beast completely misses you. Gastronok bites you.
You hit the ice beast.
The ice beast is severely wounded.
The ice beast closely misses you.
You hit the ice beast but do no damage.
The ice beast is severely wounded.
Gastronok chants a spell, wobbling all the while.
The ice beast misses you.
You barely miss the ice beast.
The ice beast is severely wounded.
The bat hits you but does no damage. The quokka closely misses you.
The ice beast hits you but does no damage.
You closely miss the ice beast.
The ice beast is severely wounded.
The bat hits you but does no damage.
The quokka bites you but does no damage.
Gastronok gurgles, "I'll eat you, I will!"
Gastronok waves his eye-stalks in wide circles.
The air twists around and strikes you!! The ice beast closely misses you.
You closely miss the ice beast.
The ice beast is severely wounded.
The bat misses you. The quokka misses you.
You hit the ice beast but do no damage.
The ice beast is severely wounded.
The bat closely misses you. The ice beast barely misses you.
The quokka closely misses you.
You hit the ice beast but do no damage.
The ice beast is severely wounded.
The bat misses you. The bat hits you but does no damage.
The ice beast hits you. The ice beast freezes you!
* * * LOW HITPOINT WARNING * * *
Gastronok bites you!!
You die...

Skill      XL: |  1  2  3  4  5  6  7  8  9 10 |
---------------+-------------------------------+-----
Fighting       | 1 2 3 4 5 |  5.0
Dodging        | 2 3 4 5 6 8 9 |  9.3
Stealth        | 1 2 3 4 5 |  5.0
Long Blades    | 1 2 3 4 6 8 |  8.9
Ranged Weapons | |  1.7
Spellcasting   | |  1.0
Hexes          | |  2.6

Action                     |  1- 3 |  4- 6 |  7- 9 | 10-12 || total
---------------------------+-------+-------+-------+-------++-------
  Melee: Dagger            |    11 |       |   128 |    65 ||   204
         Quarterstaff      |       |    95 |   378 |    19 ||   492
         Mace              |       |     3 |     5 |       ||     8
         Punch             |       |     1 |     7 |     2 ||    10
   Fire: Sling             |   121 |    55 |   102 |     6 ||   284
  Throw: Dart              |       |       |    11 |     5 ||    16
         Throwing net      |       |       |       |     1 ||     1
   Cast: Slow              |     4 |       |       |     1 ||     5
    Use: Scroll            |     1 |       |     2 |     1 ||     4
         Potion            |       |       |     2 |       ||     2
   Stab: Distracted        |       |     1 |       |       ||     1
         Sleeping          |       |       |     1 |       ||     1
         Held in net/web   |       |       |       |     3 ||     3
 Armour: Robe              |     3 |     5 |    36 |       ||    44
         Ring mail         |       |       |    64 |    24 ||    88
  Dodge: Dodged            |    39 |    44 |   282 |    55 ||   420

Levels and vault maps discovered:
D:1:      mrwooster_arrival_statue_3, layout_basic, serial_shops,
          nicolae_shop_stone, amcnicky_mini_corridor_feature
D:2:      layout_basic
D:3:      layout_basic, yredelemnul_forgotten_temple_becter, tgw_trog,
          serial_co_window_serial, co_window_of_opportunity_a,
          co_window_paths_b, co_window_paths_a, co_window_paths_a,
          co_window_corner_a, co_window_corner_a, co_window_paths_a,
          co_window_2corner, co_window_broadway_c, co_window_2corner,
          co_window_broadway_c, co_window_paths_e, glass_columns_b
D:4:      layout_rooms, grunt_ministairs_11, kennysheep_generic_room_14,
          uniq_robin, uniq_menkaure
D:5:      layout_basic, zin_treasury, okawaru_gym_becter, lemuel_tele_altar,
          minmay_temple_entry_arrows, serial_shops, nicolae_diamond_shop,
          uniq_crazy_yiuf_cottage, uniq_prince_ribbit1, uniq_grinder
D:6:      layout_gridville
D:7:      layout_loops_ring, gammafunk_temple_overflow_claw, uniq_duvessa
D:8:      layout_gridville, uniq_gastronok, uniq_maggie

Notes
Turn   | Place    | Note
-------+----------+-------------------------------------------
     0 | D:1      | scionoferis the Demigod Hexslinger began the quest for the
                  | Orb.
     0 | D:1      | Reached XP level 1. HP: 15/15 MP: 4/4
    74 | D:2      | Reached skill level 1 in Fighting
    76 | D:2      | Reached skill level 2 in Dodging
   202 | D:1      | Found Toysman's Magic Scroll Shoppe.
   467 | D:1      | Reached XP level 2. HP: 23/23 MP: 5/5
   731 | D:1      | Reached skill level 1 in Stealth
  1259 | D:2      | Reached XP level 3. HP: 25/28 MP: 6/6
  1427 | D:2      | Reached skill level 1 in Long Blades
  2421 | D:3      | Reached skill level 3 in Dodging
  2421 | D:3      | Reached XP level 4. HP: 36/36 MP: 8/8
  2783 | D:3      | Noticed a moth of wrath
  2921 | D:3      | Reached skill level 2 in Fighting
  2970 | D:3      | Identified the +2 mace of Deformation {spect, rN+ Will+
                  | Str+3 SInv}
  3141 | D:4      | Reached skill level 2 in Long Blades
  3208 | D:4      | Identified the +1 mace of Cate {heavy, Drain Will+ Str+9}
  3295 | D:4      | Noticed Menkaure
  3316 | D:4      | Killed Menkaure
  3317 | D:4      | Reached skill level 2 in Stealth
  3317 | D:4      | Reached XP level 5. HP: 25/42 MP: 9/9
  3423 | D:4      | Noticed a black bear
  3512 | D:4      | Killed a black bear
  3513 | D:4      | Reached skill level 3 in Long Blades
  3513 | D:4      | Reached skill level 4 in Dodging
  3513 | D:4      | Reached XP level 6. HP: 50/50 MP: 10/10
  3718 | D:4      | Noticed Robin
  3731 | D:4      | Killed Robin
  4052 | D:1      | Bought a scroll of fear for 40 gold pieces
  4052 | D:1      | Bought a scroll of teleportation for 30 gold pieces
  4052 | D:1      | Bought a scroll of butterflies for 40 gold pieces
  4052 | D:1      | Bought a scroll of immolation for 40 gold pieces
  4153 | D:5      | Entered Level 5 of the Dungeon
  4259 | D:5      | Noticed a yak
  4259 | D:5      | Noticed a yak
  4259 | D:5      | Noticed a yak
  4307 | D:5      | Killed a yak
  4308 | D:5      | Reached skill level 3 in Fighting
  4308 | D:5      | Reached skill level 3 in Stealth
  4308 | D:5      | Reached XP level 7. HP: 44/57 MP: 11/11
  4449 | D:5      | Reached skill level 4 in Long Blades
  4625 | D:5      | Reached skill level 5 in Dodging
  4764 | D:5      | Noticed Grinder
  4820 | D:5      | Noticed a yak
  4873 | D:5      | Killed a yak
  4874 | D:5      | Reached XP level 8. HP: 55/66 MP: 12/12
  4976 | D:5      | Reached skill level 5 in Long Blades
  5205 | D:5      | Found Qateusken's Book Boutique.
  5341 | D:5      | Reached skill level 4 in Fighting
  5341 | D:5      | Reached skill level 4 in Stealth
  5439 | D:5      | Found a runed translucent door.
  5440 | D:5      | Noticed Crazy Yiuf
  5500 | D:5      | Noticed Prince Ribbit
  5532 | D:5      | Killed Prince Ribbit
  5533 | D:5      | Reached skill level 6 in Dodging
  5712 | D:5      | Found a staircase to the Ecumenical Temple.
  6075 | D:4      | Reached skill level 6 in Long Blades
  6249 | D:5      | Killed Grinder
  6250 | D:5      | Reached XP level 9. HP: 69/72 MP: 13/13
  6382 | D:5      | Killed Crazy Yiuf
  6675 | D:1      | Bought a scroll of magic mapping for 75 gold pieces
  6845 | D:6      | Reached skill level 7 in Dodging
  6930 | D:6      | Reached skill level 5 in Stealth
  7437 | D:6      | Reached skill level 5 in Fighting
  7668 | D:6      | Reached skill level 7 in Long Blades
  8006 | D:7      | Noticed Duvessa
  8043 | D:7      | Killed Duvessa
  8151 | D:7      | Noticed Dowan
  8200 | D:7      | Killed Dowan
  8313 | D:7      | Reached skill level 8 in Dodging
  8326 | D:7      | Upgraded the game from 0.30-a0-748-ge6a52f7cba to
                  | 0.30-a0-757-ga6a79fd877
  8887 | D:7      | Reached skill level 8 in Long Blades
  9347 | D:7      | Reached XP level 10. HP: 62/81 MP: 14/14
  9676 | D:8      | Noticed a two-headed ogre
  9832 | D:8      | Killed a two-headed ogre
  9833 | D:8      | Reached skill level 9 in Dodging
 10106 | D:8      | Noticed Maggie
 10112 | D:8      | Killed Maggie
 10113 | D:8      | Noticed Gastronok
 10411 | D:8      | Slain by Gastronok

Vanquished Creatures
  A two-headed ogre (D:8)
  Maggie (D:8)
  A hornet (D:7)
  Grinder (D:5)
  Prince Ribbit (D:5)
  6 yaks (D:5 D:4)
  A steam dragon (D:7)
  Menkaure (D:4)
  A water moccasin (D:7)
  2 orc warriors (D:7)
  A sky beast (D:7)
  2 black bears (D:4 D:5)
  Duvessa (D:7)
  3 ice beasts (D:5 D:6 D:7)
  3 ogres (D:5 D:6)
  4 kobold brigands (D:7 D:8)
  4 bullfrogs (D:6 D:7)
  2 necrophages (D:5 D:7)
  4 scorpions (D:4 D:5 D:6)
  Dowan (D:7)
  4 jellies (D:3 D:5 D:6)
  A gnoll bouda (D:7)
  Crazy Yiuf (D:5)
  3 hounds (D:5 D:6)
  7 orc priests (D:5 D:6 D:7)
  7 orc wizards (D:5 D:6 D:7 D:8)
  Robin (D:4)
  6 adders (D:2 D:3 D:4 D:5)
  11 gnolls (D:5 D:6 D:7)
  A shadow imp (D:6)
  An ufetubus (D:4)
  3 worms (D:2 D:3)
  2 dart slugs (D:2)
  33 orcs (D:3 D:4 D:5 D:6 D:7)
  5 bats (D:1 D:2 D:3)
  9 endoplasms (D:2 D:1 D:3 D:4)
  2 giant cockroaches (D:3 D:4)
  7 hobgoblins (D:1 D:3 D:4)
  2 jackals (D:2)
  2 quokkas (D:2 D:5)
  6 ball pythons (D:2 D:4)
  5 frilled lizards (D:1 D:3)
  10 goblins (D:1 D:3 D:4)
  18 kobolds (D:1 D:2 D:7 D:8)
  12 rats (D:1 D:2 D:3)
  A spectral orc (D:3)
201 creatures vanquished.

Table legend: (Time is in decaauts)
 A = Elapsed time spent in this place.
 B = Non-inter-level travel time spent in this place.
 C = Inter-level travel time spent in this place.
 D = Time resting spent in this place.
 E = Time spent auto-exploring this place.
 F = Levels seen in this place.
 G = Mean time per level.
                   A        B        C        D        E       F      G
               +--------+--------+--------+--------+--------+-----+--------+
         Total |  10316 |   9529 |    787 |   1454 |   5796 |   8 | 1289.5 |
       Dungeon |  10316 |   9529 |    787 |   1454 |   5796 |   8 | 1289.5 |
               +--------+--------+--------+--------+--------+-----+--------+

Top non-repeatable levels by time:
     D:5: 1978 daAuts
     D:7: 1620 daAuts
     D:4: 1492 daAuts
     D:3: 1428 daAuts
     D:2: 1078 daAuts
     D:6: 1066 daAuts
     D:1: 912 daAuts
     D:8: 739 daAuts

Table legend:
 A = Non-vault XP
 B = Vault XP
 C = Vault XP percentage of total XP
 D = Non-vault monster count
 E = Vault monster count
 F = Vault count percentage of total count
                 A         B        C        D         E       F
            +---------+---------+-------+---------+---------+-------
      Total |    6665 |    1546 |  18.8 |     175 |      26 |  12.9
            +---------+---------+-------+---------+---------+-------
        D:1 |      21 |       0 |   0.0 |      14 |       0 |   0.0
        D:2 |      50 |       0 |   0.0 |      19 |       0 |   0.0
        D:3 |      86 |      14 |  14.0 |      20 |       6 |  23.1
        D:4 |     667 |     299 |  31.0 |      10 |      14 |  58.3
        D:5 |    1800 |     596 |  24.9 |      27 |       3 |  10.0
        D:6 |     864 |       0 |   0.0 |      24 |       0 |   0.0
        D:7 |    2064 |     203 |   9.0 |      48 |       2 |   4.0
        D:8 |    1113 |     434 |  28.1 |      13 |       1 |   7.1
            +---------+---------+-------+---------+---------+-------
